 Dungeon Crawl Stone Soup version 0.30-a0-457-g4b7bca3bfa (webtiles) character file.

Game seed: 4913173497437470457

907 funkygono the Firebug (level 7, -2/47 HPs)
             Began as a Demonspawn Fire Elementalist on Dec 12, 2022.
             Was an Initiate of Vehumet.
             Slain by a sky beast (6 damage)
             ... on level 6 of the Dungeon.
             The game lasted 00:08:22 (4610 turns).

funkygono the Firebug (DsFE)                        Turns: 4610, Time: 00:08:22

Health: -2/47      AC:  4    Str:  8    XL:     7   Next: 81%
Magic:  14/14      EV: 12    Int: 19    God:    Vehumet [......]
Gold:   221        SH:  0    Dex: 13    Spells: 6/16 levels left

rFire   . . .      SeeInvis .    r - +6 whip (vorpal)
rCold   . . .      Faith    .    (no shield)
rNeg    . . .      Spirit   .    a - +0 robe
rPois   .          Reflect  .    (no helmet)
rElec   .          Harm     .    y - +1 cloak
rCorr   .          Rampage  .    (no gloves)
Will    .....                    (no boots)
Stlth   ++........               i - amulet of magic regeneration
HPRegen 0.27/turn                (no ring)
MPRegen 0.54/turn                (no ring)

@: no status effects
A: ignite blood 1, demonic magic 1, demonic touch 2
a: Renounce Religion


You were on level 6 of the Dungeon.
You worshipped Vehumet.
Vehumet was noncommittal.
You visited 2 branches of the dungeon, and saw 7 of its levels.

You collected 221 gold pieces.

Inventory:

Hand Weapons
 d - a +0 short sword
 h - a +0 vampiric dagger
 l - a +0 whip
 r - a +6 vorpal whip (weapon)
Armour
 a - a +0 robe (worn)
 y - a +1 cloak (worn)
Jewellery
 i - an amulet of magic regeneration (around neck)
 k - an amulet of regeneration
Wands
 j - a wand of iceblast (8)
 p - a wand of light (14) (quivered)
Scrolls
 c - a scroll of poison
 e - a scroll of fear {unknown}
 f - 4 scrolls of teleportation
 n - 3 scrolls of blinking
 q - 2 scrolls of amnesia
Potions
 b - a potion of magic
 g - 5 potions of curing
 v - a potion of brilliance {unknown}
 w - a potion of heal wounds {unknown}
 x - 3 potions of attraction
 z - a potion of haste {unknown}
 A - 2 potions of degeneration {unknown}
 B - a potion of berserk rage {unknown}


   Skills:
 + Level 0.6 Fighting
 + Level 1.0 Maces & Flails
 + Level 2.2 Dodging
 - Level 1.7 Stealth
 + Level 5.2 Spellcasting
 + Level 4.2 Conjurations
 + Level 5.4 Fire Magic


You had 6 spell levels left.
You knew the following spells:

 Your Spells              Type           Power      Damage    Failure   Level
a - Foxfire               Conj/Fire      92%        2x1d8     1%          1
b - Scorch                Fire           50%        2d8       1%          2
c - Kindle Blastsparks    Fire/Tloc/Air  22%        2d11      17%         3
d - Flame Wave            Conj/Fire      23%        2d8       17%         4

Your spell library contained the following spells:

 Spells                   Type           Power      Damage    Failure   Level
 Apportation              Tloc           8%         N/A       12%         1
 Necrotise                Necr           16%        1d4       12%         1
 Inner Flame              Hex/Fire       15%        N/A       12%         3
 Blink                    Tloc           8%         N/A       19%         2
 Vampiric Draining        Necr           4%         2d6       36%         3
 Manifold Assault         Tloc           4%         N/A       77%         4
 Agony                    Necr           4%         N/A       98%         5
 Alistair's Intoxication  Tmut/Pois      2%         N/A       98%         5
 Storm Form               Tmut/Air       2%         N/A       100%        7


Dungeon Overview and Level Annotations

Branches:
Dungeon (6/15)             Temple (1/1) D:4

Altars:
Ashenzari
Cheibriados
Dithmenos
Fedhas
Hepliaklqana
Makhleb
Nemelex Xobeh
Okawaru
Qazlal
Ru
Sif Muna
Trog
Vehumet
Wu Jian
Xom
Yredelemnul

Shops:
D:5 (

Annotations:
D:3 2 transporters, DEFE's ghost, amateur DsWn


Innate Abilities, Weirdness & Mutations

Your demonic aura sometimes causes spilled blood to erupt in flames.
Spells you cast may paralyse adjacent enemies.
Your touch may inflict irresistible damage on your foes.


Message History

The foxfire hits the ice beast but does no damage.
The ice beast is heavily wounded.
Casting: Foxfire (safe; 1% risk of failure)
Confirm with . or Enter, or press ? or * to list all spells.
You conjure some foxfire!
Malevolent energies surge around you.
Unknown command.
Your foxfire dissipates!
The foxfire hits the ice beast!
The ice beast melts!
The ice beast is severely wounded.
You whack the ice beast!
You kill the ice beast!
Vehumet accepts your kill.
Your Maces & Flails skill increases to level 1!
Something hits you. Something shocks you.
You closely miss something. Your touch misses something. Something hits you.
Something shocks you.
You hit something. Your touch misses something. Something hits you.
Something shocks you.
You closely miss something. Something hits you. Something shocks you.
You barely miss something. Something hits you but does no damage.
You closely miss something. Something hits you. Something shocks you.
* * * LOW HITPOINT WARNING * * *
You hit something. Your touch misses something. Something barely misses you.
Casting: Foxfire (safe; 1% risk of failure)
Confirm with . or Enter, or press ? or * to list all spells.
You conjure some foxfire!
Malevolent energies surge around you. Something hits you.
* * * LOW HITPOINT WARNING * * *
Something shocks you.
* * * LOW HITPOINT WARNING * * *
Casting: Foxfire (safe; 1% risk of failure)
Confirm with . or Enter, or press ? or * to list all spells.
You don't know that spell.
Unknown command.
You miss something. Your touch misses something.
The foxfire hits something. x2
Something hits you but does no damage.
You barely miss something. Something hits you.
* * * LOW HITPOINT WARNING * * *
Something shocks you.
You die...

######.#.§.#._.#.§.....
#........≈.#.....≈.....
#........≈.#####.§§§...
##........≈.......≈§....
..........≈≈≈§≈§≈§§.....
#.................§.....
#................###....
##.............§.###....
..><...†.......§@{......
####.##.#####.##########
.....##.# #... .######.#
#.... ..# #.... ### #.
#. #.


There were no monsters in sight!

Vanquished Creatures
  Eustachio (D:4)
  An ice beast (D:6)
  A centaur (D:5)
  2 scorpions (D:5)
  3 hounds
  2 jellies (D:5)
  2 orc priests
  An iguana (D:5)
  Natasha (D:2)
  An orc wizard (D:5)
  4 gnolls (D:4)
  6 adders
  2 ufetubi
  2 worms
  3 dart slugs
  9 orcs
  5 ball pythons
  10 endoplasms
  4 giant cockroaches
  11 goblins
  6 hobgoblins
  4 jackals (D:1)
  8 kobolds
  4 quokkas
  2 bats
  4 frilled lizards
  3 rats
102 creatures vanquished.

Vanquished Creatures (others)
  348 foxfires
348 creatures vanquished.

Grand Total: 450 creatures vanquished

Notes
Turn   | Place    | Note
-------+----------+-------------------------------------------
     0 | D:1      | funkygono the Demonspawn Fire Elementalist began the quest
                  | for the Orb.
     0 | D:1      | Reached XP level 1. HP: 13/13 MP: 3/3
   225 | D:1      | Gained mutation: Your demonic aura sometimes causes spilled
                  | blood to erupt in flames. [demonic ancestry]
   225 | D:1      | Reached XP level 2. HP: 19/19 MP: 1/5
   619 | D:1      | Learned a level 2 spell: Scorch
   987 | D:1      | Reached XP level 3. HP: 24/24 MP: 2/6
   991 | D:1      | Learned a level 3 spell: Kindle Blastsparks
  1406 | D:2      | Noticed Natasha
  1411 | D:2      | Killed Natasha
  1412 | D:2      | Gained mutation: Spells you cast may paralyse adjacent
                  | enemies. [demonic ancestry]
  1412 | D:2      | Reached XP level 4. HP: 30/30 MP: 2/8
  1602 | D:2      | Found a bloodstained altar of Trog.
  1973 | D:3      | Found a transporter.
  2129 | D:3      | Found a transporter.
  2130 | D:3      | Noticed DEFE's ghost (amateur DsWn)
  2137 | D:3      | Identified the +3 dire flail "Akoank" {vorpal, Str+5}
  2137 | D:3      | Noticed an ogre
  2138 | D:3      | Noticed an ogre
  2395 | D:4      | Noticed Eustachio
  2422 | D:4      | Killed Eustachio
  2423 | D:4      | Reached XP level 5. HP: 16/36 MP: 4/10
  2606 | D:4      | Gained mutation: Your touch may inflict minor irresistible
                  | damage on your foes. [demonic ancestry]
  2606 | D:4      | Reached XP level 6. HP: 42/42 MP: 5/11
  2613 | D:4      | Learned a level 4 spell: Flame Wave
  2810 | D:4      | Found a sacrificial altar of Ru.
  2818 | D:4      | Found a staircase to the Ecumenical Temple.
  2841 | Temple   | Entered the Ecumenical Temple
  3053 | Temple   | Became a worshipper of Vehumet
  3426 | D:5      | Entered Level 5 of the Dungeon
  3617 | D:5      | Gained mutation: Your touch may inflict irresistible damage
                  | on your foes. [demonic ancestry]
  3617 | D:5      | Reached XP level 7. HP: 40/47 MP: 6/13
  3803 | D:5      | Reached skill level 5 in Fire Magic
  3996 | D:5      | Reached skill level 5 in Spellcasting
  4208 | D:5      | Found Qaqaadez's Weapon Shop.
  4578 | D:6      | Found a snail-covered altar of Cheibriados.
  4601 | D:6      | Reached skill level 1 in Maces & Flails
  4610 | D:6      | Slain by a sky beast

Illustrated notes

Levels and vault maps discovered:
D:1:      psy_arrival_statuary, layout_loops_cross, minmay_pentomino_p2
D:2:      layout_basic, basic_altar, uniq_natasha
D:3:      layout_rooms, gammafunk_ghost_smash
D:4:      layout_cave_pools, lemuel_tele_altar,
          minmay_temple_entry_drinking_statues, minmay_increasing_density,
          uniq_eustachio
D:5:      layout_gridville, serial_shops, nicolae_square_shop
D:6:      layout_basic, lemuel_mausoleum_altar_kikubaaqudgha,
          mainiacjoe_overflow_brackets
Temple:   bh_familiar_temple

Skill      XL: |  1  2  3  4  5  6  7 |
---------------+----------------------+-----
Fire Magic     | 3 4 5 |  5.4
Spellcasting   | 3 4 5 |  5.2
Conjurations   | 2 3 4 |  4.2
Dodging        | 2 |  2.2
Maces & Flails | 1 |  1.0
Fighting       | |  0.6
Stealth        | |  1.7

Action                   |  1- 3 |  4- 6 |  7- 9 || total
-------------------------+-------+-------+-------++-------
Melee: Short sword       |     9 |     1 |       ||    10
       Whip              |       |     9 |    12 ||    21
 Cast: Foxfire           |    48 |   121 |    34 ||   203
       Scorch            |     8 |    15 |     8 ||    31
  Use: Scroll            |       |       |    11 ||    11
 Stab: Paralysed         |       |     5 |     1 ||     6
Armor: Robe              |     7 |    10 |     2 ||    19
Dodge: Dodged            |    28 |    32 |     8 ||    68

Table legend: (Time is in decaauts)
 A = Elapsed time spent in this place.
 B = Non-inter-level travel time spent in this place.
 C = Inter-level travel time spent in this place.
 D = Time resting spent in this place.
 E = Time spent auto-exploring this place.
 F = Levels seen in this place.
 G = Mean time per level.
                   A        B        C        D        E       F      G
               +--------+--------+--------+--------+--------+-----+--------+
         Total |   4609 |   4435 |    174 |    229 |   3510 |   7 |  658.4 |
       Dungeon |   4386 |   4222 |    164 |    229 |   3333 |   6 |  731.0 |
        Temple |    222 |    212 |     10 |      0 |    177 |   1 |  222.0 |
               +--------+--------+--------+--------+--------+-----+--------+

Top non-repeatable levels by time:
     D:5: 1139 daAuts
     D:1: 1097 daAuts
     D:2: 837 daAuts
     D:4: 832 daAuts
     D:3: 435 daAuts
  Temple: 222 daAuts
     D:6: 44 daAuts
